 Dungeon Crawl Stone Soup version 0.27.0-1-g7a089689b8 (webtiles) character file.

Game seed: 2699874350680568737

79 H0rd4k the Insei (level 4, 0/28 HPs)
             Began as an Octopode Transmuter on Aug 2, 2021.
             Splashed by a jelly's acid (4 damage)
             ... on level 4 of the Dungeon.
             The game lasted 00:01:49 (2733 turns).

H0rd4k the Insei (Octopode Transmuter)              Turns: 2733, Time: 00:01:49

Health: 0/28       AC: -3    Str:  9    XL:     4   Next: 37%
Magic:  7/7        EV: 17    Int: 16    God:
Gold:   76         SH:  0    Dex: 12    Spells: 4/8 levels left

rFire    + . .     SeeInvis .     - Unarmed
rCold    . . .     Faith    .   (no shield)
rNeg     . . .     Spirit   .   (helmet restricted)
rPois    .         Reflect  .   (no amulet)
rElec    .         Harm     .   h - +4 ring of evasion
rCorr    .         Rampage  .   a - ring of protection from fire
Will     .....                  (no ring)
Stlth    ++........             (no ring)
HPRegen  0.09/turn              (no ring)
MPRegen  0.10/turn              (no ring)
                                (no ring)
                                (no ring)

@: corroded
A: almost no armour, amphibious, 8 rings, camouflage 1, gelatinous body 1,
(nimble swimmer 1), tentacles
a: no special abilities


You were on level 4 of the Dungeon.
You visited 1 branch of the dungeon, and saw 4 of its levels.

You collected 76 gold pieces.

Inventory:

Missiles
 j - 3 atropa-tipped darts
Jewellery
 a - a ring of protection from fire (right tentacle)
 h - a +4 ring of evasion (left tentacle)
Scrolls
 b - a scroll of enchant armour {unknown}
 c - a scroll of teleportation {unknown}
 d - a scroll of silence {unknown}
 i - a scroll of fear {unknown}
 k - 4 scrolls of identify {unknown}
 l - a scroll of noise {unknown}
 n - a scroll of fog {unknown}
 o - a scroll of magic mapping {unknown}
 q - a scroll of immolation {unknown}
Potions
 e - a potion of attraction {unknown}
 f - a potion of lignification {unknown}
 g - a potion of heal wounds {unknown}
 m - a potion of might {unknown}
 p - a potion of ambrosia {unknown}


   Skills:
 + Level 1.1 Fighting
 + Level 2.2 Dodging
 + Level 4.0 Unarmed Combat
 * Level 2.6 Spellcasting
 * Level 2.2 Transmutations
 * Level 1.3 Poison Magic


You had 4 spell levels left.
You knew the following spells:

 Your Spells              Type           Power      Damage    Failure   Level
a - Beastly Appendage     Tmut           18%        N/A       8%          1
b - Spider Form           Tmut/Pois      3%         N/A       28%         3

Your spell library contained the following spells:

 Spells                   Type           Power      Damage    Failure   Level
 Wereblood                Tmut           9%         N/A       12%         2
 Slow                     Hex            2%         N/A       30%         2
 Confusing Touch          Hex            2%         N/A       52%         3
 Vampiric Draining        Necr           1%         2d6       52%         3
 Ice Form                 Ice/Tmut       5%         N/A       77%         4


Dungeon Overview and Level Annotations

Branches:
Dungeon (4/15)
 Temple: D:4-7

Altars:
Xom


Innate Abilities, Weirdness & Mutations

You cannot wear most types of armour.
You are amphibious.
You can wear up to eight rings at the same time.
Your skin changes colour to match your surroundings (Stealth+).
Your rubbery body absorbs attacks. (AC +1, EV +1)
((You are camouflaged near water. (Stealth+)))
You have tentacles for arms and can constrict up to eight enemies at once.


Message History

Done exploring.
Done exploring.
(D) Dungeon
Where to? (Enter - D:3, ? - help)
Things that are here:
a +0 hand axe; a +0 ring mail
There is a stone staircase leading down here.
You climb downwards.
Found a ring mail.
Found two stone staircases leading down.
There is a stone staircase leading up here.
Key pressed, stopping travel.
Found a kite shield.
As you open the door, it creaks loudly!
An endoplasm and a jelly come into view.
The endoplasm quivers.
The jelly quivers.
There are monsters nearby!
There is an open door here.
You tentacle-slap the endoplasm but do no damage.
The endoplasm hits you.
You tentacle-slap the endoplasm.
The endoplasm is almost dead.
The endoplasm hits you.
You tentacle-slap the endoplasm but do no damage.
The endoplasm is almost dead.
The endoplasm freezes you.
You are frozen.
You tentacle-slap the endoplasm.
You kill the endoplasm!
You tentacle-slap the jelly but do no damage.
Your tentacles burn!
The jelly hits you. The acid corrodes you!
You are splashed with acid!
* * * LOW HITPOINT WARNING * * *
You tentacle-slap the jelly but do no damage.
Your tentacles burn!
* * * LOW HITPOINT WARNING * * *
The jelly misses you.
You tentacle-slap the jelly but do no damage.
Your tentacles burn!
You die...

#.............#
#.............#
#...........>.#
#.............#
#....[........#
#.............#
#....><.......#
#.............#
#...@J........#
#.............#
#.............#
#.............#
#.............#
#.............#
#.............#######
#.........[...#......
#########.....#......


You could see a jelly.

Vanquished Creatures
  3 adders
  3 dart slugs
  An orc (D:3)
  5 bats
  6 endoplasms
  2 giant cockroaches
  A goblin (D:1)
  A hobgoblin (D:1)
  4 jackals (D:3)
  4 quokkas
  4 ball pythons
  3 frilled lizards
  A kobold (D:3)
  5 rats
43 creatures vanquished.

Notes
Turn   | Place    | Note
-------+----------+-------------------------------------------
     0 | D:1      | H0rd4k the Octopode Transmuter began the quest for the Orb.
     0 | D:1      | Reached XP level 1. HP: 13/13 MP: 3/3
    51 | D:1      | Reached XP level 2. HP: 13/18 MP: 5/5
   625 | D:1      | Reached XP level 3. HP: 5/23 MP: 6/6
   629 | D:1      | Learned a level 3 spell: Spider Form
  1251 | D:2      | HP: 1/23 [poisoned by an adder]
  1524 | D:2      | Found a faded altar of an unknown god.
  1665 | D:2      | Reached skill level 1 in Poison Magic
  1816 | D:3      | Found a shimmering altar of Xom.
  1858 | D:3      | Reached XP level 4. HP: 24/28 MP: 4/7
  2136 | D:3      | Reached skill level 4 in Unarmed Combat
  2733 | D:4      | Splashed by a jelly's acid

Illustrated notes

Levels and vault maps discovered:
D:1:      minmay_arrival_four_circles, layout_basic, st_stairs_14
D:2:      layout_rooms, chequers_ecumenical_altar_twisty
D:3:      layout_loops_ring, brannock_xom_greatest_gift, grunt_ministairs_13
D:4:      layout_gridville, kennysheep_mini, minmay_temple_entry_butterflies,
          uniq_blork_the_orc

Skill      XL: |  1  2  3  4 |
---------------+-------------+-----
Poison Magic   | 1 |  1.3
Unarmed Combat | 4 |  4.0
Fighting       | |  1.1
Dodging        | |  2.2
Spellcasting   | |  2.6
Transmutations | |  2.2

Action                   |  1- 3 |  4- 6 || total
-------------------------+-------+-------++-------
Melee: Unarmed           |    79 |    26 ||   105
       Constrict         |    15 |     4 ||    19
       Tentacles         |    16 |     3 ||    19
       Punch             |     2 |     1 ||     3
 Cast: Spider Form       |     1 |       ||     1
  Use: Potion            |     1 |       ||     1
 Stab: Sleeping          |     7 |     2 ||     9
Armor: Skin              |     8 |       ||     8
Dodge: Dodged            |    47 |     8 ||    55
